 Dungeon Crawl Stone Soup version 0.24-a0-725-gf1a930fc54 (webtiles) character file.

Game seed: 9560434224065723751, levelgen mode: deterministic

50 Kohma the Ruffian (level 3, -2/28 HPs)
             Began as a Draconian Transmuter on Oct 1, 2019.
             Slain by Robin
             ... wielding a +0 club
              (5 damage)
             ... on level 2 of the Dungeon.
             The game lasted 00:04:40 (829 turns).

Kohma the Ruffian (Draconian Transmuter)             Turns: 829, Time: 00:04:41

Health: -2/28      AC:  6    Str: 12    XL:     3   Next: 55%
Magic:  4/6        EV: 12    Int: 14    God:
Gold:   18         SH:  0    Dex: 11    Spells: 3/6 levels left

rFire    . . .     SeeInvis .     - Unarmed
rCold    . . .     Gourm    .   (no shield)
rNeg     . . .     Faith    .   (armour unavailable)
rPois    .         Spirit   .   (helmet restricted)
rElec    .         Reflect  .   (no cloak)
rCorr    .         Harm     .   e - +0 pair of gloves
MR       .....                  (boots currently unavailable)
Stlth    +.........             (no amulet)
HPRegen  0.09/turn              (no ring)
MPRegen  0.10/turn              (no ring)

@: appendage (expiring)
A: unfitting armour, talons 3, cold-blooded, AC +5
a: End Transformation


You were on level 2 of the Dungeon.
You were not hungry.
You had grown temporary talons.
You visited 1 branch of the dungeon, and saw 2 of its levels.

You collected 18 gold pieces.

Inventory:

Missiles
 a - 25 arrows
 h - 35 stones
 m - 7 boomerangs (quivered)
Armour
 e - a +0 pair of gloves (worn)
Scrolls
 f - a scroll of amnesia {unknown}
 i - a scroll of enchant armour {unknown}
 j - a scroll of teleportation {unknown}
 k - a scroll of random uselessness {unknown}
 l - a scroll of identify {unknown}
Potions
 d - a potion of lignification {unknown}
 g - a potion of curing {unknown}
Comestibles
 b - 3 chunks of flesh
 c - a ration


   Skills:
 - Level 1.1 Fighting
 - Level 1.7 Dodging
 + Level 3.7 Unarmed Combat
 + Level 2.3 Spellcasting
 * Level 3.0 Transmutations


You had 3 spell levels left.
You knew the following spells:

 Your Spells              Type           Power        Failure   Level  Hunger
a - Beastly Appendage     Tmut           ##....       7%          1    #......
b - Sticks to Snakes      Tmut           ##......     10%         2    ###....

Your spell library contained the following spells:

 Spells                   Type           Power        Failure   Level  Hunger
 Spider Form              Tmut/Pois      #.........   36%         3    ###....
 Ice Form                 Ice/Tmut       #.......     77%         4    #####..
 Blade Hands              Tmut           ##........   88%         5    ######.


Dungeon Overview and Level Annotations

Branches:
Dungeon (2/15)

Altars:

Annotations:
D:2 Robin


Innate Abilities, Weirdness & Mutations

Your plain brown scales are hard. (AC +5)
You cannot fit into any form of body armour.
You are cold-blooded and may be slowed by cold attacks.
You have claws for feet.


Message History

Your ball python closely misses the goblin.
Something hits your ball python.
Your ball python dies!
The goblin closely misses you.
You hear a shout!
Things that are here:
a stone; a goblin corpse Something throws the goblin at you!
* * * LOW HITPOINT WARNING * * *
The goblin hits you but does no damage.
You see here a goblin corpse.
You closely miss the goblin.
Your transformation is almost over.
The goblin no longer looks unusually strong.
The goblin closely misses you.
Unknown command.
You hit the goblin. You claw the goblin.
You kill the goblin!
Something hits you.
You die...

#+# # #.# ####. #)#
^.... #@# ##########
...... #(# #<.......#
.....g##.####.......#
.....%.#(....÷.......
...!.g.)).........>.#
.......)(...#.####..#
.$.....######÷# .#
....... #.# # #+#####
...


There were no monsters in sight!

Vanquished Creatures
  2 dart slugs
  A leopard gecko (D:1)
  A ball python (D:1)
  4 bats
  13 goblins
  5 hobgoblins
  4 kobolds
  2 quokkas (D:2)
  2 frilled lizards (D:1)
  A rat (D:1)
35 creatures vanquished.

Vanquished Creatures (collateral kills)
  3 goblins (D:2)
3 creatures vanquished.

Grand Total: 38 creatures vanquished

Notes
Turn   | Place    | Note
-------+----------+-------------------------------------------
     0 | D:1      | Kohma the Draconian Transmuter began the quest for the Orb.
     0 | D:1      | Reached XP level 1. HP: 16/16 MP: 3/3
   128 | D:1      | Reached XP level 2. HP: 23/23 MP: 5/5
   236 | D:1      | Learned a level 2 spell: Sticks to Snakes
   759 | D:2      | Reached XP level 3. HP: 28/28 MP: 6/6
   790 | D:2      | Noticed Robin
   829 | D:2      | Slain by Robin

Levels and vault maps discovered:
D:1:      mrwooster_arrival_statue, layout_basic,
          hangedman_abyss_or_decor_stabs, palyth_stone_intersect,
          feat_on_display
D:2:      layout_basic, first_ration, uniq_robin

Skill      XL: |  1  2  3 |
---------------+----------+-----
Transmutations | 3 |  3.0
Fighting       | |  1.1
Dodging        | |  1.7
Unarmed Combat | |  3.7
Spellcasting   | |  2.3

Action                   || total
-------------------------++-------
Melee: Unarmed           ||   103
       Tailslap          ||    13
       Headbutt          ||     3
       Kick              ||    10
Throw: Boomerang         ||     2
 Cast: Beastly Appendage ||     7
       Sticks to Snakes  ||     2
 Stab: Distracted        ||     1
Armor: Skin              ||    48
Dodge: Dodged            ||    82

Table legend:
 A = Non-vault XP
 B = Vault XP
 C = Vault XP percentage of total XP
 D = Non-vault monster count
 E = Vault monster count
 F = Vault count percentage of total count
                 A         B        C        D         E       F
            +---------+---------+-------+---------+---------+-------
      Total |      52 |      20 |  27.8 |      27 |      11 |  28.9
            +---------+---------+-------+---------+---------+-------
        D:1 |      39 |       0 |   0.0 |      21 |       0 |   0.0
        D:2 |      13 |      20 |  60.6 |       6 |      11 |  64.7
            +---------+---------+-------+---------+---------+-------
